 Seeded DCSS version 0.29.1-15-g9cfb28693d (webtiles) character file.

Game seed: 6320845443627075161 (custom seed)

4 Psyclone the Firebug (level 1, 10/10 HPs)
             Began as a Deep Elf Fire Elementalist on Sept 23, 2023.
             Quit the game on level 1 of the Dungeon.
             The game lasted 00:01:40 (454 turns).

Psyclone the Firebug (Deep Elf Fire Elementalist)    Turns: 454, Time: 00:01:40

Health: 10/10      AC:  4    Str:  5    XL:     1   Next: 58%
Magic:  6/6        EV: 12    Int: 19    God:
Gold:   61         SH:  0    Dex: 15    Spells: 5/6 levels left

rFire   + + .      SeeInvis .   d - +0 dagger
rCold   . . .      Faith    .   (no shield)
rNeg    . . .      Spirit   .   a - +0 robe
rPois   .          Reflect  .   (no helmet)
rElec   .          Harm     .   (no cloak)
rCorr   .          Rampage  .   i - +1 pair of gloves of the Tundras {rF++ Slay+4}
Will    .....                   (no boots)
Stlth   ++........              (no amulet)
HPRegen 0.03/turn               (no ring)
MPRegen 0.10/turn               (no ring)

@: no status effects
A: no striking features
a: no special abilities


You were on level 1 of the Dungeon.
You visited 1 branch of the dungeon, and saw 2 of its levels.

You collected 61 gold pieces.

Inventory:

Hand Weapons
 d - a +0 dagger (weapon)
Armour
 a - a +0 robe (worn)
 i - the +1 pair of gloves of the Tundras (worn) {rF++ Slay+4}
   (You acquired it on level 2 of the Dungeon)

   Slay:      It affects your accuracy & damage with ranged weapons and melee
   (+4).
   rF:        It greatly protects you from fire.
Magical Staves
 k - a staff of air
Scrolls
 c - 2 scrolls of teleportation {unknown}
 e - 2 scrolls of magic mapping {unknown}
Potions
 b - a potion of magic
 f - a potion of resistance {unknown}
 g - a potion of curing {unknown}
 h - a potion of flight {unknown}
 j - a potion of haste {unknown}


   Skills:
 - Level 2.4 Dodging
 - Level 2.4 Stealth
 - Level 3.0 Spellcasting
 - Level 1.1 Conjurations
 - Level 3.2 Fire Magic
 + Level 1.3 Ice Magic


You had 5 spell levels left.
You knew the following spells:

 Your Spells              Type           Power      Damage    Failure   Level
a - Foxfire               Conj/Fire      44%        2x1d6     6%          1

Your spell library contained the following spells:

 Spells                   Type           Power      Damage    Failure   Level
 Scorch                   Fire           30%        2d6       6%          2
 Freeze                   Ice            28%        1d5       9%          1
 Conjure Flame            Conj/Fire      11%        6-21      19%         3
 Inner Flame              Hex/Fire       9%         N/A       24%         3
 Frozen Ramparts          Ice            14%        1d3       26%         3
 Flame Wave               Conj/Fire      11%        2d6       52%         4
 Hailstorm                Conj/Ice       7%         3d4       67%         4


Dungeon Overview and Level Annotations

Branches:
Dungeon (2/15) Zot: 11546

Altars:


Message History

Found 5 stones.
Found 3 poisoned darts.
You see here a staff of air.
k - a staff of air You now have 61 gold pieces (gained 1).
A bat comes into view.
Casting: Foxfire (safe; 6% risk of failure)
Confirm with . or Enter, or press ? or * to list all spells.
You conjure some foxfire!
You now have 5/6 mp.
Casting: Foxfire (safe; 6% risk of failure)
Confirm with . or Enter, or press ? or * to list all spells.
You conjure some foxfire!
The foxfire hits the bat.
The bat is severely wounded.
The foxfire hits the bat.
You kill the bat!
You now have 4/6 mp.
Casting: Foxfire (safe; 6% risk of failure)
Confirm with . or Enter, or press ? or * to list all spells.
You conjure some foxfire!
You now have 3/6 mp.
Casting: Foxfire (safe; 6% risk of failure)
Confirm with . or Enter, or press ? or * to list all spells.
You conjure some foxfire!
Your foxfire dissipates!
You now have 2/6 mp.
Your foxfire dissipates! x2
Your foxfire dissipates! x3
Magic restored.
You see here 3 poisoned darts.
You open the door.
There is an open door here.
You open the door.
There is an open door here.
There is an open door here.
Found a plate armour.
MP restored: 6
e - 2 scrolls labelled XIMUT KI DIE (gained 1) As you open the door, it creaks loudly!
Are you sure you want to abandon this character and quit the game? (Confirm with "yes".)

#.# #.# #.# #.# ##############
#.# .............# #.# ###
.............###'#### ....
.............#..@...#######....
.............#.................
.............#.................
.............#.................
.............#######...........
...............................
....#...######............#######
.##+#.......##............# ##...
............''............+ .....


There were no monsters in sight!

Vanquished Creatures
  A dart slug (D:2)
  A goblin (D:1)
  A bat (D:1)
3 creatures vanquished.

Vanquished Creatures (others)
  17 foxfires
17 creatures vanquished.

Grand Total: 20 creatures vanquished

Notes
Turn   | Place    | Note
-------+----------+-------------------------------------------
     0 | D:1      | Psyclone the Deep Elf Fire Elementalist began the quest for
                  | the Orb.
     0 | D:1      | Reached XP level 1. HP: 10/10 MP: 6/6
   153 | D:2      | Reached skill level 1 in Ice Magic
   181 | D:2      | Identified a scroll of acquirement
   181 | D:2      | Acquired the +1 pair of gloves of the Tundras {rF++ Slay+4}
   454 | D:1      | Quit the game

Illustrated notes

Levels and vault maps discovered:
D:1:      dpeg_arrival_lava_temple_mockup, layout_basic
D:2:      layout_loops_ring, shapermc_ecumenical_altar_starsandcircs,
          serial_shops, nicolae_shop_window_shopping

Skill      XL: |  1 |
---------------+----+-----
Ice Magic      | 1 |  1.3
Dodging        | |  2.4
Stealth        | |  2.4
Spellcasting   | |  3.0
Conjurations   | |  1.1
Fire Magic     | |  3.2

Action                   || total
-------------------------++-------
 Cast: Foxfire           ||    10
  Use: Scroll            ||     1
